 Dungeon Crawl Stone Soup version 0.30-a0-920-g7493c07aab (webtiles) character file.

Game seed: 15810564752068073400

21555 sanka the Warrior (level 12, -7/156 HPs)
             Began as an Ogre Cinder Acolyte on Mar 21, 2023.
             Was a High Priest of Ignis.
             Mangled by a manticore (20 damage)
             ... on level 2 of the Lair of Beasts.
             The game lasted 00:30:31 (14678 turns).

sanka the Warrior (Ogre Cinder Acolyte)            Turns: 14678, Time: 00:30:32

Health: -7/156     AC: 11    Str: 23    XL:     12   Next: 91%
Magic:  2/18       EV: 18    Int: 17    God:    Ignis [*****.]
Gold:   2337       SH:  5    Dex:  4    Spells: 17/19 levels left

rFire   + . .      SeeInvis .    a - +8 whip "Snakebite" {venom, curare, rPois, =f}
rCold   . . .      Faith    .    (no shield)
rNeg    . . .      Spirit   .    P - +0 acid dragon scales
rPois   +          Reflect  +    X - +1 hat {Stlth+}
rElec   .          Rampage  .    x - +2 cloak {Will+}
rCorr   +                        (gloves unavailable)
Will    ++...                    (boots unavailable)
Stlth   +                        m - amulet of reflection
HPRegen 0.46/turn                Q - +5 ring of evasion
MPRegen 0.16/turn                h - +5 ring of evasion

@: flying
A: large, unfitting armour, tough skin 1
a: Renounce Religion, Fiery Armour, Foxfire Swarm, Rising Flame


You were on level 2 of the Lair of Beasts.
You worshipped Ignis.
Ignis was extremely pleased with you.
You visited 2 branches of the dungeon, and saw 13 of its levels.
You also visited: Ossuary and Bailey.

You collected 2337 gold pieces.


Innate Abilities, Weirdness & Mutations

You are too large for most types of armour.
You have tough skin. (AC +1)


   Skills:
 + Level 19.9 Fighting
 - Level 12.0 Maces & Flails
 - Level 4.0 Spellcasting
 - Level 6.0 Fire Magic


You had 17 spell levels left.
You knew the following spells:

 Your Spells              Type           Power      Damage    Failure   Level
y - Scorch                Fire           46%        2d7       2%          2

Your spell library contained the following spells:

 Spells                   Type           Power      Damage    Failure   Level
 Kindle Blastsparks       Fire/Tloc/Air  20%        2d11      26%         3
 Blink                    Tloc           6%         N/A       30%         2
 Lesser Beckoning         Tloc           6%         N/A       30%         2
 Momentum Strike          Conj/Tloc      6%         3d8       30%         2
 Sublimation of Blood     Necr           3%         N/A       30%         2
 Confusing Touch          Hex            3%         N/A       52%         3
 Dazzling Flash           Conj/Hex       6%         N/A       52%         3
 Ozocubu's Armour         Ice            3%         N/A       52%         3
 Summon Guardian Golem    Hex/Summ       3%         N/A       52%         3
 Tukima's Dance           Hex            3%         N/A       52%         3
 Fireball                 Conj/Fire      6%         3d5       85%         5
 Cause Fear               Hex            1%         N/A       89%         4
 Fulminant Prism          Conj/Hex       1%         3d5       89%         4
 Iskenderun's Mystic Bla  Conj/Tloc      3%         2d3       89%         4
 Petrify                  Tmut/Erth      3%         N/A       89%         4
 Agony                    Necr           3%         N/A       99%         5
 Irradiate                Conj/Tmut      1%         3d12      99%         5
 Iskenderun's Battlesphe  Conj           3%         2d6       99%         5
 Lee's Rapid Deconstruct  Erth           1%         3d4*      99%         5
 Metabolic Englaciation   Hex/Ice        1%         N/A       99%         5
 Silence                  Hex/Air        1%         N/A       99%         5
 Conjure Ball Lightning   Conj/Air       1%         3x3d6     100%        6
 Statue Form              Tmut/Erth      2%         N/A       100%        6
 Haunt                    Necr/Summ      1%         N/A       100%        7
 Orb of Destruction       Conj           1%         9d5       100%        7
 Ozocubu's Refrigeration  Ice            1%         4d7       100%        7
 Spellforged Servitor     Conj/Summ      1%         N/A       100%        7

Inventory:

Hand Weapons
 a - the +8 whip "Snakebite" (weapon) {venom, curare, rPois, =f} rPois: It protects you from poison.
 b - a +2 dire flail of holy wrath
 O - a +0 giant spiked club
 U - the +6 dire flail of Trial by Ordeal {heavy, rC+} rC: It protects you from cold.
Missiles
 y - 6 curare-tipped darts {=f}
Armour
 x - a +2 cloak of willpower (worn)
 P - +0 acid dragon scales (worn)
 X - a +1 hat of stealth (worn)
 Z - a +2 robe of resistance
Jewellery
 h - a +5 ring of evasion (right hand)
 m - an amulet of reflection (around neck)
 v - a ring of see invisible
 Q - a +5 ring of evasion (left hand)
 S - a ring of fire
 V - a ring of ice
 W - a ring of resist corrosion
Wands
 n - a wand of mindburst (4)
 t - a wand of charming (23)
 z - a wand of roots (8)
 A - a wand of polymorph (12)
 E - a wand of flame (33)
 M - a wand of digging (6)
Scrolls
 e - 2 scrolls of enchant armour
 f - a scroll of fog {unknown}
 g - 3 scrolls of noise {unknown}
 k - a scroll of butterflies {unknown}
 p - 2 scrolls of immolation {!r}
 q - 2 scrolls of amnesia {unknown}
 r - 4 scrolls of fear
 s - 6 scrolls of magic mapping
 w - 2 scrolls of teleportation {@r4}
 B - a scroll of torment {unknown}
 D - 2 scrolls of enchant weapon {unknown}
 G - 2 scrolls of silence {!r}
 K - a scroll of blinking {unknown}
 L - 3 scrolls of brand weapon {unknown}
 R - 3 scrolls of vulnerability {!r}
Potions
 c - 2 potions of lignification {unknown}
 d - 2 potions of invisibility {unknown}
 i - 7 potions of curing {@q1}
 j - 4 potions of brilliance {unknown}
 l - a potion of ambrosia {unknown}
 o - 3 potions of heal wounds {unknown}
 u - 4 potions of flight
 C - 3 potions of mutation {unknown}
 F - 2 potions of attraction {unknown}
 H - 2 potions of degeneration {unknown}
 I - a potion of berserk rage {unknown}
 J - a potion of magic {unknown}
 N - 6 potions of haste {unknown}
 T - 3 potions of cancellation {unknown}
 Y - a potion of resistance {unknown}

Dungeon Overview and Level Annotations

Branches:
Dungeon (11/15)            Temple (0/1) D:6            Lair (2/5) D:8
 Shoals (0/4) Lair:2          Orc (0/2) D:9         Ossuary (visited)
 Bailey (visited)
  Snake: Lair:2-3    Spider: Lair:2-3

Altars:
Dithmenos
Fedhas
Hepliaklqana
Okawaru
Qazlal
Uskayaw
Wu Jian
Xom
Zin

Shops:
D:6 *   D:10 *

Annotations:
D:11 2 runed translucent doors, exclusion: orange crystal statue

..
▒.........
..
▒........
▒.
▒.......▒ ▒
▒....... ▒
▒......▒ ▒
▒......▒ ▒
▒▒...l..▒ ▒
▒....O!.▒ ▒
▒▒...H..▒ ▒
▒......▒ ▒
▒...l..▒ ▒▒
▒▒
▒P.......
.. ▒.
▒f......▒.
..▒.▒▒▒▒.
▒▒.........
.........
▒...£......
.........
.....♣♣.♣


You could see a wind drake (repels missiles), a manticore and a rime drake.


Message History

You whack the demonic crawler!
The demonic crawler looks as sick as possible!
The demonic crawler is moderately wounded.
The demonic crawler misses you.
The demonic crawler hits you but does no damage.
The demonic crawler barely misses you.
You hit the demonic crawler.
The demonic crawler is moderately wounded.
Your surroundings suddenly seem different.
A wind drake, a manticore, a cane toad and a rime drake come into view.
Found a metallic coppery potion and 12 gold pieces.
Found a staircase to the Shoals.
The wind drake hisses angrily.
The wind drake bites you but does no damage.
Unknown command.
Unknown command.
It was a potion of flight.
You feel very buoyant.
You fly up into the air.
The manticore closely misses you. The manticore claws you.
* * * LOW HITPOINT WARNING * * *
The manticore completely misses you. The wind drake flaps its wings at you.
The air twists around and strikes you!
* * * LOW HITPOINT WARNING * * *
Unknown command.
It was a potion of curing.
The manticore bites you!!
You die...

Action                     |  1- 3 |  4- 6 |  7- 9 | 10-12 || total
---------------------------+-------+-------+-------+-------++-------
  Melee: Mace              |    79 |    36 |       |       ||   115
         Whip              |       |    18 |   244 |   724 ||   986
         Punch             |       |     1 |     3 |    14 ||    18
         Dire flail        |       |       |     3 |    27 ||    30
  Throw: Dart              |       |       |     4 |       ||     4
   Cast: Scorch            |    21 |    34 |    50 |    88 ||   193
  Evoke: Wand              |       |       |       |     8 ||     8
    Use: Scroll            |       |     3 |     2 |     6 ||    11
         Potion            |       |       |       |     2 ||     2
   Stab: Distracted        |       |       |       |     1 ||     1
 Armour: Robe              |    19 |    11 |    23 |     8 ||    61
         Acid dragon scale |       |       |       |    82 ||    82
  Dodge: Dodged            |    57 |    53 |   130 |   380 ||   620
  Block: Other             |       |    16 |    47 |   104 ||   167
         Reflection        |       |       |     4 |     5 ||     9

Levels and vault maps discovered:
D:1:      ncdulo_lavacross, layout_loops_cross
D:2:      layout_loops_cross, minmay_heptomino_l4
D:3:      layout_loops_ring, mainiacjoe_overflow_brackets,
          mainiacjoe_overflow_boulevard, minmay_quadrilaterals, uniq_sigmund
D:4:      layout_loops_cross, gup_sewer_entry_spiral,
          chequers_serial_rivers_large_a, dk_noncrumbling_3, uniq_edmund,
          uniq_eustachio
D:5:      layout_loops_corners, kennysheep_mini, hellmonk_ghost_happy_afterlife,
          nicolae_ossuary_entry_plus, reono_crystal_passage
D:6:      layout_basic, mainiacjoe_overflow_small_starburst, zin_purify,
          pdpol_wu_jian_five_deadly_venoms, nicolae_overflow_crystal_walls,
          minmay_temple_entry_fiery, uniq_duvessa
D:7:      layout_basic, enter_bailey_3
D:8:      layout_basic, lair_entry_dummy, uniq_gastronok, uniq_erica
D:9:      cheibrodos_two_vegetables, layout_cave_pools, lemuel_tele_altar,
          orc_0_dummy
D:10:     layout_roguey, amcnicky_altar_gilded, serial_shops,
          nicolae_shop_hallway_plus, grunt_ministairs_11, uniq_maurice
D:11:     layout_roguey [special_room_orc], minmay_statue_crystal_thing
Lair:1:   layout_regular_city
Lair:2:   layout_big_grid, minmay_shoals_entry_beasts,
          nicolae_spider_entry_orb_guardian, wad_woods_river_02, worms_lemuel

Notes
Turn   | Place    | Note
-------+----------+-------------------------------------------
     0 | D:1      | sanka the Ogre Cinder Acolyte began the quest for the Orb.
     0 | D:1      | Reached XP level 1. HP: 24/24 MP: 2/2
    72 | D:1      | Reached XP level 2. HP: 28/32 MP: 2/4
    74 | D:1      | Reached skill level 3 in Fire Magic
   103 | D:1      | Learned a level 2 spell: Scorch
   129 | D:1      | Reached skill level 2 in Spellcasting
   450 | D:1      | Reached XP level 3. HP: 39/39 MP: 3/6
  1051 | D:2      | Reached skill level 4 in Fire Magic
  1250 | D:2      | Reached XP level 4. HP: 40/48 MP: 0/7
  2247 | D:3      | Found a hazy altar of Hepliaklqana.
  2377 | D:3      | Noticed Sigmund
  2426 | D:2      | Reached XP level 5. HP: 54/54 MP: 6/8
  2446 | D:3      | Killed Sigmund
  2447 | D:3      | Reached skill level 5 in Fire Magic
  2447 | D:3      | Reached skill level 4 in Maces & Flails
  2447 | D:3      | Reached XP level 6. HP: 50/62 MP: 0/9
  3025 | D:3      | Found an iron altar of Okawaru.
  3141 | D:7      | Identified a scroll of acquirement
  3142 | D:7      | Acquired the +8 whip "Snakebite" {venom, curare, rPois}
  3142 | D:7      | Found the +8 whip "Snakebite" {venom, curare, rPois, =f}
  3228 | D:7      | Noticed a sky beast
  3237 | D:7      | Killed a sky beast
  3238 | D:7      | Reached XP level 7. HP: 65/71 MP: 7/10
  3241 | D:7      | Noticed a yak
  3244 | D:7      | Found a flagged portal.
  3255 | D:7      | Killed a yak
  3256 | D:7      | Reached skill level 5 in Maces & Flails
  3256 | D:7      | Reached skill level 3 in Spellcasting
  3296 | Bailey   | Entered a bailey
  3324 | Bailey   | Reached skill level 5 in Fighting
  3417 | Bailey   | Reached XP level 8. HP: 67/81 MP: 8/13
  3460 | Bailey   | Reached skill level 6 in Maces & Flails
  3463 | Bailey   | Reached skill level 4 in Spellcasting
  3467 | Bailey   | Reached skill level 6 in Fighting
  3491 | Bailey   | Reached skill level 6 in Fire Magic
  3681 | Bailey   | Found an iron altar of Okawaru.
  3687 | Bailey   | Identified the +1 robe of the Depths {-Cast *Slow rElec
                  | Regen+}
  3784 | D:7      | Reached skill level 7 in Fighting
  3784 | D:7      | Reached skill level 7 in Maces & Flails
  3789 | D:7      | Reached XP level 9. HP: 46/93 MP: 3/15
  3968 | D:6      | Found a shimmering altar of Xom.
  4042 | D:6      | Found an ornate altar of the Wu Jian Council.
  4047 | D:6      | Noticed a spectral centipede
  4124 | D:6      | Reached skill level 8 in Fighting
  4124 | D:6      | Reached skill level 8 in Maces & Flails
  4233 | D:5      | Entered Level 5 of the Dungeon
  4350 | D:5      | Found a sand-covered staircase.
  4355 | Ossuary  | Entered an ossuary
  4646 | D:5      | Noticed caveywoolpert's ghost (amateur GrEE)
  5114 | D:4      | Noticed Edmund
  5120 | D:4      | Killed Edmund
  5184 | D:4      | Noticed Eustachio
  5206 | D:4      | Killed Eustachio
  5207 | D:4      | Reached skill level 9 in Fighting
  5207 | D:4      | Reached skill level 9 in Maces & Flails
  5941 | D:5      | Found a hide-covered altar of Uskayaw.
  5956 | D:5      | Found a runed translucent door.
  6434 | D:5      | Killed caveywoolpert's ghost
  6435 | D:5      | Reached XP level 10. HP: 96/107 MP: 16/16
  6516 | D:6      | Found Zin's Purification Station.
  6535 | D:6      | Found a glowing silver altar of Zin.
  6560 | D:6      | Noticed Dowan
  6709 | D:6      | Noticed Duvessa
  6720 | D:6      | Killed Duvessa
  6721 | D:6      | Reached skill level 10 in Maces & Flails
  6722 | D:6      | Killed Dowan
  6926 | D:6      | Found a shadowy altar of Dithmenos.
  6936 | D:6      | Reached skill level 10 in Fighting
  7106 | D:6      | Identified the +6 dire flail of Trial by Ordeal {heavy,
                  | rC+}
  7111 | D:6      | Found a staircase to the Ecumenical Temple.
  7900 | D:8      | Noticed Gastronok
  8180 | D:8      | Killed Gastronok
  8181 | D:8      | Reached skill level 11 in Fighting
  8181 | D:8      | Reached skill level 11 in Maces & Flails
  8291 | D:8      | Identified a +2 robe of resistance
  8467 | D:8      | Identified +0 acid dragon scales
  8691 | D:8      | Found a staircase to the Lair.
  8708 | D:8      | Noticed Erica
  8735 | D:8      | Killed Erica
  8736 | D:8      | Reached XP level 11. HP: 46/123 MP: 8/17
  9023 | D:8      | Got the Grimoire of Enchanting Left-Handed Magic
  9132 | D:8      | Reached skill level 12 in Maces & Flails
  9419 | D:9      | Found a staircase to the Orcish Mines.
  9453 | D:9      | Reached skill level 12 in Fighting
  9537 | D:9      | Reached skill level 13 in Fighting
  9851 | D:9      | Identified the +1 robe "Hira" {+Blink Dex+3}
 10034 | D:9      | Noticed a cyclops
 10055 | D:9      | Killed a cyclops
 10542 | D:9      | Found a stormy altar of Qazlal.
 10576 | D:10     | Entered Level 10 of the Dungeon
 10668 | D:10     | Reached skill level 14 in Fighting
 10823 | D:10     | Found Leoffykh's Assorted Antiques.
 10938 | D:10     | Noticed Maurice
 10955 | D:10     | Killed Maurice
 11126 | D:10     | Acquired 952 gold pieces
 11165 | D:10     | Reached skill level 15 in Fighting
 11358 | D:10     | Found a blossoming altar of Fedhas.
 11740 | D:11     | Noticed a cyclops
 11755 | D:11     | Killed a cyclops
 11859 | D:11     | Reached skill level 16 in Fighting
 11863 | D:11     | Reached XP level 12. HP: 124/144 MP: 1/18
 12335 | D:11     | Reached skill level 17 in Fighting
 12552 | D:11     | Found a runed translucent door.
 12569 | D:11     | Found a runed translucent door.
 12645 | D:11     | Found a runed translucent door.
 12853 | D:11     | Found a runed translucent door.
 13140 | Lair:1   | Entered Level 1 of the Lair of Beasts
 13282 | Lair:1   | Reached skill level 18 in Fighting
 13396 | Lair:1   | Identified the +1 leather armour of the Moon {Contam Dex+8}
 14177 | Lair:1   | Reached skill level 19 in Fighting
 14612 | Lair:2   | Identified the +9 trident of the Warrior {venom, rN+ Str+3}
 14676 | Lair:2   | Found a staircase to the Shoals.
 14677 | Lair:2   | HP: 5/156 [wind drake/the air (12)]
 14678 | Lair:2   | Mangled by a manticore

Vanquished Creatures
  Gastronok (D:8)
  Erica (D:8)
  An orc knight (D:11)
  2 cyclopes
  Maurice (D:10)
  4 elephants
  2 cane toads
  An unseen horror (D:11)
  3 komodo dragons (Lair:2)
  2 trolls (D:9)
  A hornet (D:11)
  A shadow (D:11)
  Sigmund (D:3)
  34 yaks
  The ghost of caveywoolpert the Digger, an amateur GrEE of Sif Muna (D:5)
  3 wyverns
  A vampire (D:10)
  Eustachio (D:4)
  A basilisk (Lair:1)
  2 steam dragons
  3 vampire mosquitoes (D:11)
  An acid dragon (D:8)
  9 water moccasins
  2 swamp worms (Lair:2)
  Edmund (D:4)
  Duvessa (D:6)
  12 orc warriors
  An ice beast (D:7)
  2 black bears
  3 sky beasts
  2 ogres
  7 wolves (Lair:2)
  2 centaurs
  9 kobold brigands
  5 bullfrogs
  2 scorpions
  14 wights
  Dowan (D:6)
  15 killer bees
  2 howler monkeys (D:10)
  6 electric eels (D:9)
  A gnoll bouda (D:8)
  A jelly (D:6)
  9 orc priests
  3 hounds
  3 iguanas
  12 orc wizards
  8 mummies (Ossuary)
  7 gnolls
  12 adders
  A white imp (D:7)
  4 ufetubi (D:5)
  3 worms
  A dart slug (D:2)
  50 orcs
  5 ball pythons
  3 bats
  11 endoplasms
  6 giant cockroaches
  A gnoll zombie (Ossuary)
  15 goblins
  9 hobgoblins
  7 jackals
  4 quokkas
  A frilled lizard (D:2)
  4 hobgoblin zombies (Ossuary)
  33 kobolds
  A kobold zombie (Ossuary)
  2 orc zombies (Ossuary)
  7 rats
388 creatures vanquished.

Vanquished Creatures (others)
  3 fungi (Lair:1)
  11 plants
14 creatures vanquished.

Grand Total: 402 creatures vanquished
